 Dungeon Crawl Stone Soup version 0.18-a0-1726-g399342b (webtiles) character file.

67 woodtrims the Twirler (level 4, 0/34 HPs)
             Began as a Demonspawn Gladiator on Apr 15, 2016.
             Slain by Sigmund
             ... wielding a +0 scythe
              (11 damage)
             ... on level 3 of the Dungeon.
             The game lasted 00:04:04 (1734 turns).

woodtrims the Twirler (Demonspawn Gladiator)        Turns: 1734, Time: 00:04:04

Health: 0/34       AC:  5    Str: 17    XL:     4   Next: 0%
Magic:  4/4        EV: 12    Int:  9    God:
Gold:   108        SH:  0    Dex: 13    Spells: 0 memorised, 3 levels left

rFire  . . .     SeeInvis .     a - +0 quarterstaff
rCold  . . .     Gourm    .     b - +1 leather armour
rNeg   . . .     Faith    .     (shield currently unavailable)
rPois  .         Spirit   .     c - +0 helmet
rElec  .         Dismiss  .     (no cloak)
rCorr  .         Reflect  .     (no gloves)
SustAt .         Harm     .     (no boots)
MR     .....                    (no amulet)
Stlth  ++........               (no ring)
                                m - ring of flight

@: not resistant to hostile enchantments, unstealthy
A: claws 1, hooves 1, nightstalker 1
a: Evoke Flight


You were on level 3 of the Dungeon.
You were not hungry.

You visited 1 branch of the dungeon, and saw 3 of its levels.

You collected 108 gold pieces.

Inventory:

Hand Weapons
 a - a +0 quarterstaff (weapon)
Missiles
 d - 3 throwing nets
 g - 6 tomahawks (quivered)
Armour
 b - a +1 leather armour (worn)
 c - a +0 helmet (worn)
Jewellery
 m - a ring of flight (left claw)
Scrolls
 e - a scroll of enchant armour
 k - a scroll of identify {unknown}
 l - a scroll of recharging {unknown}
 n - a scroll of remove curse {unknown}
Potions
 h - a potion of haste {unknown}


   Skills:
 + Level 2.4 Fighting
 + Level 3.1 Staves
 + Level 2.1 Throwing
 + Level 1.3 Armour
 + Level 3.1 Dodging
 + Level 0.6 Stealth


You had 3 spell levels left.
You didn't know any spells.

Dungeon Overview and Level Annotations

Branches:
Dungeon (3/15)

Altars:

Annotations:
D:2 Natasha
D:3 Sigmund


Innate Abilities, Weirdness & Mutations

You have sharp fingernails.
You have large cloven feet.
You are slightly more attuned to the shadows.


Message History

The gnoll is almost dead.
The kobold hits you but does no damage. The quokka barely misses you.
The gnoll hits you with a whip. Sigmund barely misses you. The kobold hits you.
Sigmund the Dreaded comes into view.
He is wielding a scythe.
You closely miss the gnoll.
The gnoll is almost dead.
The quokka closely misses you. The gnoll barely misses you.
The kobold closely misses you.
You hit the gnoll.
You kill the gnoll!
You have reached level 4!
You feel stronger.
Your demonic ancestry asserts itself...
Your feet thicken and deform.
The quokka completely misses you.
Sigmund hits you from afar with a scythe.
The adder bites you. The kobold misses you. The quokka bites you.
You barely miss the quokka. Your kick misses the quokka. The adder misses you.
The quokka bites you.
Sigmund hits you from afar with a scythe!
You die...

#########
.(......#
........#
........#
<.......##
#....SK..#
.....r@#
....@###
.... ..# .


You could see Sigmund, an adder, a quokka and a kobold.

Vanquished Creatures
  A gnoll (D:3)
  An adder (D:2)
  4 dart slugs
  2 giant geckos
  2 ball pythons (D:1)
  7 bats (D:1)
  5 goblins (D:1)
  3 hobgoblins (D:1)
  3 jackals (D:1)
  2 quokkas (D:2)
  A giant newt (D:1)
  3 kobolds (D:1)
  4 rats
38 creatures vanquished.

Notes
Turn   | Place    | Note
--------------------------------------------------------------
     0 | D:1      | woodtrims the Demonspawn Gladiator began the quest for the Orb.
     0 | D:1      | Reached XP level 1. HP: 16/16 MP: 1/1
   171 | D:1      | Gained mutation: You have sharp fingernails. [demonic ancestry]
   171 | D:1      | Reached XP level 2. HP: 15/22 MP: 2/2
   693 | D:1      | Gained mutation: You are slightly more attuned to the shadows. [demonic ancestry]
   693 | D:1      | Reached XP level 3. HP: 20/28 MP: 3/3
   988 | D:1      | Reached skill level 1 in Armour
  1203 | D:2      | Noticed Natasha
  1732 | D:3      | Noticed Sigmund
  1733 | D:3      | Gained mutation: You have large cloven feet. [demonic ancestry]
  1733 | D:3      | Reached XP level 4. HP: 19/34 MP: 4/4
  1734 | D:3      | Slain by Sigmund

Vault maps used:
D:1:      onia_arrival_mini_maze, serial_bayou_pond_c
D:2:      uniq_natasha
D:3:      marbit_many_paths, uniq_sigmund

Skill      XL: |  1  2  3 |
---------------+----------+-----
Staves         | 3 |  3.1
Throwing       | 2 |  2.1
Dodging        | 3 |  3.1
Armour         | 1 |  1.3
Fighting       | |  2.4
Stealth        | |  0.6

Action                   |  1- 3 |  4- 6 || total
-------------------------+-------+-------++-------
Melee: Quarterstaff      |   108 |     1 ||   109
Throw: Tomahawk          |    10 |       ||    10
  Use: Potion            |     1 |       ||     1
       Scroll            |     3 |       ||     3
 Stab: Sleeping          |     2 |       ||     2
  Eat: Bread ration      |     1 |       ||     1
